 Dungeon Crawl Stone Soup version 0.25-a0-364-ge76b031baf (webtiles) character file.

Game seed: 58729462528916274, levelgen mode: deterministic

11748 night the Fighter (level 11, -1/88 HPs)
             Began as a Demonspawn Ice Elementalist on Jan 3, 2020.
             Was an Elder of Vehumet.
             Slain by a manticore (10 damage)
             ... summoned by a worldbinder
             ... in a Gauntlet on Jan 4, 2020.
             The game lasted 01:07:11 (16654 turns).

night the Fighter (Demonspawn Ice Elementalist)    Turns: 16654, Time: 01:07:11

Health: -1/88      AC:  9    Str: 15    XL:     11   Next: 53%
Magic:  8/22       EV: 12    Int: 22    God:    Vehumet [****..]
Gold:   150        SH:  9    Dex: 17    Spells: 2/25 levels left

rFire    . . .     SeeInvis +   a - +1 trident (venom)
rCold    . . .     Gourm    .   S - +0 buckler (curse)
rNeg     + . .     Faith    .   N - +1 robe "Kotefiq" {Str+2 Slay+2}
rPois    .         Spirit   .   (no helmet)
rElec    .         Reflect  +   s - +2 cloak {+Inv}
rCorr    .         Harm     .   G - +0 pair of gloves {Str+3}
MR       .....     NoTele   +   o - +0 pair of boots
Stlth    +++.......             z - +4 amulet of reflection
HPRegen  0.24/turn              A - +4 ring of dexterity
MPRegen  0.18/turn              K - ring "Ystibbyx" {rN+ Int+3 SInv Stlth+}

@: mesmerised
A: talons 2, rugged brown scales 1, demonic guardian 1, foul stench 2, rot
immunity
a: Renounce Religion, Evoke Invisibility


You were in a Gauntlet.
You worshipped Vehumet.
Vehumet was greatly pleased with you.
You were near starving.

You visited 3 branches of the dungeon, and saw 13 of its levels.
You also visited: Bailey and Gauntlet.

You collected 823 gold pieces.
You spent 673 gold pieces at shops.

Inventory:

Hand Weapons
 a - a +1 trident of venom (weapon)
 b - a +2 hunting sling of velocity
 R - a +4 vampiric trident
Missiles
 f - 324 stones
 n - 84 poisoned darts (quivered)
 v - 3 throwing nets
 F - 69 sling bullets
Armour
 o - a +0 pair of boots (worn)
 s - a +2 cloak of invisibility (worn)
 G - a +0 pair of gloves of strength (worn)
 M - a scarf of resistance
 N - the +1 robe "Kotefiq" (worn) {Str+2 Slay+2}
   (You found it on level 6 of the Dungeon)

   It affects your strength (+2).
   It affects your accuracy and damage with ranged weapons and melee attacks
   (+2).
 S - a cursed +0 buckler (worn)
Jewellery
 h - an uncursed ring of protection from fire
 z - a +4 amulet of reflection (around neck)
 A - a +4 ring of dexterity (left hand)
 H - an uncursed ring of stealth
 K - the ring "Ystibbyx" (right hand) {rN+ Int+3 SInv Stlth+}
   (You found it on level 5 of the Dungeon)

   [ring of see invisible]

   It affects your intelligence (+3).
   It protects you from negative energy.
   It lets you see invisible.
   It makes you more stealthy.
Wands
 t - a wand of acid (20)
 u - a wand of paralysis (10)
 E - a wand of polymorph (18)
 J - a wand of digging (14)
Scrolls
 d - 9 scrolls of remove curse
 j - a scroll of enchant weapon {unknown}
 k - 4 scrolls of fear
 l - a scroll of magic mapping
 r - 3 scrolls of blinking
 w - 4 scrolls of amnesia
 x - a scroll of fog {unknown}
 y - a scroll of immolation {unknown}
 B - 3 scrolls of enchant armour {unknown}
 C - 4 scrolls of teleportation
 U - a scroll of random uselessness {unknown}
 W - a scroll of acquirement {unknown}
 Z - a scroll of summoning {unknown}
Potions
 g - 2 potions of might
 m - 2 potions of heal wounds
 p - 2 potions of invisibility
 q - a potion of cancellation
 I - a potion of berserk rage
 L - a potion of curing
 P - a potion of lignification
 V - a potion of agility
Comestibles
 c - 27 rations


   Skills:
 + Level 8.3 Fighting
 + Level 6.5 Polearms
 - Level 1.7 Dodging
 - Level 1.7 Stealth
 - Level 4.2 Shields
 + Level 7.9 Spellcasting
 + Level 7.3 Conjurations
 - Level 7.2 Summonings
 - Level 6.5 Ice Magic


You had 2 spell levels left.
You knew the following spells:

 Your Spells              Type           Power        Failure   Level  Hunger
a - Freeze                Ice            ####         1%          1    None
b - Ozocubu's Armour      Chrm/Ice       ###.....     6%          3    None
c - Summon Ice Beast      Ice/Summ       #####...     4%          4    ###....
d - Hailstorm             Conj/Ice       #####...     1%          4    ###....
e - Iskenderun's Mystic   Conj/Tloc      ###.....     4%          4    ###....
f - Orb of Destruction    Conj           #####.....   58%         7    #######

Your spell library contained the following spells:

 Spells                   Type           Power        Failure   Level  Hunger
 Bolt of Magma            Conj/Fire/Erth ###.......   21%         5    #####..
 Magic Dart               Conj           ####         1%          1    None
 Searing Ray              Conj           #####.       1%          2    None
 Dazzling Flash           Conj/Hex       ###...       1%          3    None
 Fulminant Prism          Conj/Hex       ###.......   4%          4    ###....
 Iskenderun's Battlesphe  Conj/Chrm      ###.....     13%         5    #####..
 Iron Shot                Conj/Erth      ###.......   52%         6    ######.
 Spellforged Servitor     Conj/Summ      #####.....   58%         7    #######


Dungeon Overview and Level Annotations

Branches:
Dungeon (11/15)            Temple (1/1) D:5            Lair (1/6) D:11
    Orc (0/2) D:10         Bailey (visited)         Gauntlet (1/1)

Altars:
Ashenzari
Cheibriados
Dithmenos
Elyvilon
Fedhas
Gozag
Hepliaklqana
Kikubaaqudgha
Makhleb
Nemelex Xobeh
Okawaru
Qazlal
Ru
Sif Muna
Trog
Uskayaw
Vehumet
Wu Jian
Xom
Yredelemnul
Zin
The Shining One

Shops:
D:8 [   D:10 ?   D:11 :(:

Annotations:
Gauntlet 15 transporters


Innate Abilities, Weirdness & Mutations

You have razor-sharp toenails.
You are partially covered in rugged brown scales. (AC +1, +3% HP)
A weak demonic guardian rushes to your aid.
You frequently emit foul miasma when damaged in melee.
You are immune to rotting.


Message History

The merfolk siren chants its luring song.
The worldbinder hits you.
* * * LOW HITPOINT WARNING * * *
The worldbinder hits you but does no damage.
The manticore is engulfed in dark miasma.
The manticore is poisoned.
The manticore closely misses you. You block the manticore's attack.
The manticore claws you but does no damage.
As you read the scroll of fear, it crumbles to dust.
You assume a fearsome visage.
The worldbinder is unaffected.
The merfolk siren resists with almost no effort.
The merfolk siren looks frightened!
The manticore resists with some effort.
The merfolk siren disappears in a puff of smoke!
The worldbinder calls forth creatures from the Shoals!
The merfolk siren is engulfed in dark miasma.
The merfolk siren looks even sicker.
The merfolk siren chants its luring song.
The manticore is engulfed in dark miasma.
The manticore looks even sicker.
The manticore bites you!
You die...

.........≈......©......≈###
########...###########..#
......2#...#.........#..#
.###...#...#..##.##..#..###
..#....#...#.##...##.#..#8#
..#©.#.###.#.#m....#.#..###
######.#©#.#....©....#..#
..#..#.#.#.#.#§Hxmm#.#..###
..#....#.#.#.##.@.##.#..#8#
.###...#.#.#..##m##..#..###
.......#.#.#..?§©?...#..#
########.#############..###
.. ....#........©#......#8#
########.#########.....≈###
......x#.#..........#####
.. ..#X#.#..........#8# #
##..#.#..###########


You could see a manticore, 4 merfolk sirens and a worldbinder.

Vanquished Creatures
  Harold (D:7)
  An unseen horror (D:10)
  A hornet (D:10)
  A hippogriff (D:10)
  6 yaks
  A human (D:9)
  Grum (D:10)
  3 hogs (D:9)
  A water moccasin (D:10)
  8 orc warriors
  An ice beast (D:11)
  3 sky beasts
  2 phantoms
  An ogre (D:11)
  2 boggarts (Gauntlet)
  A wolf (D:10)
  6 centaurs
  A crocodile (D:10)
  A big kobold (D:11)
  7 bullfrogs
  A gnoll sergeant (D:10)
  A scorpion (D:9)
  3 howler monkeys
  2 crimson imps (D:11)
  3 centaur zombies
  A quasit (D:11)
  3 hounds
  Crazy Yiuf (D:2)
  8 orc priests
  A jelly (D:11)
  6 orc wizards
  2 centaur skeletons
  Jessica (D:2)
  A bullfrog skeleton (D:10)
  2 iguanas
  Natasha (thrice) (D:3)
  12 worker ants
  Ijyb (D:3)
  A hound skeleton (D:6)
  Robin (D:2)
  A howler monkey skeleton (D:5)
  13 gnolls
  15 adders
  A shadow imp (D:5)
  4 oozes
  5 worms
  6 leopard geckos
  51 orcs
  5 giant cockroaches
  16 goblins
  11 hobgoblins
  6 jackals
  6 quokkas
  16 bats
  2 frilled lizards (D:1)
  14 kobolds
  10 rats
285 creatures vanquished.

Vanquished Creatures (collateral kills)
  Erica (D:8)
  A two-headed ogre (D:9)
  2 cyclopes
  2 gargoyles
  Prince Ribbit (D:9)
  2 hippogriffs (D:11)
  5 yaks (D:11)
  A hungry ghost (D:10)
  An acid dragon (D:9)
  5 orc warriors
  A sky beast (D:10)
  An eye of draining (D:11)
  5 ogres
  A phantom (D:6)
  A wolf (D:10)
  5 centaurs
  2 big kobolds
  A gnoll sergeant (D:11)
  A bullfrog (D:10)
  A scorpion (D:8)
  3 orc wizards
  5 gnolls
  An adder (D:8)
  2 shadow imps
  A leopard gecko (D:10)
  18 orcs
  4 kobolds (D:11)
  A frilled lizard (D:3)
75 creatures vanquished.

Vanquished Creatures (others)
  A kobold (D:11)
  2 demonic plants (Gauntlet)
3 creatures vanquished.

Grand Total: 363 creatures vanquished

Notes
Turn   | Place    | Note
-------+----------+-------------------------------------------
     0 | D:1      | night the Demonspawn Ice Elementalist began the quest for
                  | the Orb.
     0 | D:1      | Reached XP level 1. HP: 13/13 MP: 3/3
   224 | D:1      | Gained mutation: You are partially covered in rugged brown
                  | scales. (AC +1, +3% HP) [demonic ancestry]
   224 | D:1      | Reached XP level 2. HP: 11/20 MP: 0/5
   527 | D:1      | Reached skill level 1 in Fighting
   760 | D:1      | Gained mutation: You are immune to rotting. [demonic
                  | ancestry]
   760 | D:1      | Reached XP level 3. HP: 26/26 MP: 6/6
  1208 | D:2      | Noticed Jessica
  1229 | D:2      | Killed Jessica
  1229 | D:2      | Reached skill level 2 in Fighting
  1229 | D:2      | Reached XP level 4. HP: 29/33 MP: 5/8
  2317 | D:2      | Reached XP level 5. HP: 40/40 MP: 7/9
  2322 | D:2      | Learned a level 3 spell: Ozocubu's Armour
  2327 | D:2      | Learned a level 4 spell: Summon Ice Beast
  2435 | D:2      | Found a faded altar of an unknown god.
  2518 | D:2      | Noticed Robin
  2566 | D:2      | Killed Robin
  3108 | D:2      | Found a runed translucent door.
  3109 | D:2      | Noticed Crazy Yiuf
  3178 | D:2      | Killed Crazy Yiuf
  3178 | D:2      | Reached skill level 1 in Summonings
  3263 | D:2      | Found a sacrificial altar of Ru.
  3499 | D:3      | Noticed Natasha
  3507 | D:3      | Killed Natasha
  3507 | D:3      | Reached skill level 3 in Fighting
  3714 | D:3      | Gained mutation: A weak demonic guardian rushes to your
                  | aid. [demonic ancestry]
  3714 | D:3      | Reached XP level 6. HP: 35/48 MP: 2/11
  3728 | D:3      | Noticed Natasha
  3972 | D:3      | Killed Natasha
  4136 | D:3      | Noticed Natasha
  4146 | D:3      | Killed Natasha
  4146 | D:3      | Reached skill level 5 in Ice Magic
  4293 | D:3      | Noticed Ijyb
  4449 | D:3      | Killed Ijyb
  4622 | D:3      | You fall into a shaft and drop 1 floor!
  4651 | D:4      | Gained mutation: You may emit foul miasma when damaged in
                  | melee. [demonic ancestry]
  4651 | D:4      | Reached XP level 7. HP: 24/54 MP: 8/13
  4684 | D:4      | Learned a level 4 spell: Hailstorm
  5228 | D:4      | Found a burning altar of Makhleb.
  5288 | D:4      | Reached skill level 1 in Polearms
  5288 | D:4      | Reached skill level 1 in Conjurations
  5290 | D:4      | Reached skill level 4 in Fighting
  5632 | D:4      | Found a white marble altar of Elyvilon.
  5655 | D:4      | Found a stormy altar of Qazlal.
  5657 | D:4      | Found an ornate altar of the Wu Jian Council.
  5657 | D:4      | Found an iron altar of Okawaru.
  5659 | D:4      | Found a shimmering altar of Xom.
  5661 | D:4      | Found a bloodstained altar of Trog.
  5662 | D:4      | Found a blossoming altar of Fedhas.
  5708 | D:5      | Entered Level 5 of the Dungeon
  6221 | D:5      | Got a heavily runed pewter ring
  6307 | D:5      | Found a staircase to the Ecumenical Temple.
  6317 | Temple   | Entered the Ecumenical Temple
  6588 | Temple   | Became a worshipper of Vehumet
  6936 | D:6      | Reached XP level 8. HP: 61/62 MP: 14/14
  7046 | D:6      | Identified the ring "Ystibbyx" {rN+ Int+3 SInv Stlth+} (You
                  | found it on level 5 of the Dungeon)
  7236 | D:6      | Got a steaming robe
  7247 | D:6      | Identified the +1 robe "Kotefiq" {Str+2 Slay+2} (You found
                  | it on level 6 of the Dungeon)
  7982 | D:7      | Noticed Harold
  8004 | D:7      | Killed Harold
  8004 | D:7      | Reached skill level 5 in Fighting
  8004 | D:7      | Reached skill level 5 in Spellcasting
  8004 | D:7      | Gained mutation: You have sharp toenails. [demonic
                  | ancestry]
  8004 | D:7      | Reached XP level 9. HP: 42/70 MP: 13/16
  8130 | D:7      | Found a glowing golden altar of the Shining One.
  8165 | D:7      | Found a hazy altar of Hepliaklqana.
  8735 | D:8      | Noticed Erica
  8745 | D:8      | Killed Erica
  8826 | D:8      | Learned a level 4 spell: Iskenderun's Mystic Blast
  8881 | D:8      | Got a warped falchion
  8882 | D:8      | Identified the +3 falchion "Lifebane" {slice, Str+3} (You
                  | found it on level 8 of the Dungeon)
  8924 | D:8      | Reached skill level 5 in Summonings
  9063 | D:8      | Found Zemoru's Armour Emporium.
  9070 | D:8      | Bought a +0 pair of gloves of strength for 126 gold pieces
  9114 | D:8      | Noticed a cyclops
  9718 | D:9      | Found an opulent altar of Gozag.
  9725 | D:9      | Found a flagged portal.
  9734 | Bailey   | Entered a bailey
  9756 | Bailey   | Reached skill level 6 in Fighting
  9766 | Bailey   | Reached * piety under Vehumet
  9766 | Bailey   | Offered knowledge of Shock by Vehumet.
 10536 | Bailey   | Reached skill level 5 in Conjurations
 10545 | Bailey   | Gained mutation: You frequently emit foul miasma when
                  | damaged in melee. [demonic ancestry]
 10545 | Bailey   | Reached XP level 10. HP: 39/79 MP: 12/19
 10551 | Bailey   | HP: 1/79 [orc warrior/+0 halberd (20)]
 11177 | Bailey   | Upgraded the game from 0.25-a0-356-g7c9d860b3b to
                  | 0.25-a0-364-ge76b031baf
 11695 | D:9      | Reached skill level 5 in Polearms
 11695 | D:9      | Offered knowledge of Sandblast by Vehumet.
 11698 | D:9      | Reached ** piety under Vehumet
 11729 | D:9      | Found a glowing silver altar of Zin.
 11976 | D:9      | Noticed a two-headed ogre
 11987 | D:9      | Killed a two-headed ogre
 11987 | D:9      | Reached skill level 7 in Fighting
 12007 | D:9      | Noticed Prince Ribbit
 12012 | D:9      | Killed Prince Ribbit
 12338 | D:10     | Entered Level 10 of the Dungeon
 12338 | D:10     | Noticed a cyclops
 12351 | D:10     | Killed a cyclops
 12610 | D:10     | Found Zoinn's Magic Scroll Shop.
 12621 | D:10     | Paralysed by a hornet for 1 turns
 12639 | D:10     | Found a staircase to the Orcish Mines.
 12643 | D:10     | Noticed an unseen horror
 12659 | D:10     | Killed an unseen horror
 12659 | D:10     | Offered knowledge of Inner Flame by Vehumet.
 12990 | D:10     | Noticed Grum
 13007 | D:10     | Killed Grum
 13255 | D:10     | Gained mutation: You have razor-sharp toenails. [demonic
                  | ancestry]
 13255 | D:10     | Reached XP level 11. HP: 80/86 MP: 20/22
 13286 | D:10     | Bought a scroll of blinking for 97 gold pieces
 13693 | D:10     | Reached *** piety under Vehumet
 14010 | D:11     | Found Etumeiq's Antique Weapon Shoppe.
 14016 | D:11     | Found Zuday's Book Emporium.
 14169 | D:11     | Offered knowledge of Airstrike by Vehumet.
 14272 | D:11     | Found a staircase to the Lair.
 14633 | D:11     | Reached skill level 8 in Fighting
 14885 | D:11     | Reached **** piety under Vehumet
 15048 | D:11     | Reached skill level 1 in Shields
 15063 | D:11     | Offered knowledge of Bolt of Magma by Vehumet.
 15458 | D:11     | Found Ehaoj's Book Shop.
 15561 | D:11     | Bought a book of Power for 450 gold pieces
 15569 | D:11     | Learned a level 7 spell: Orb of Destruction
 16234 | Lair:1   | Entered Level 1 of the Lair of Beasts
 16250 | Lair:1   | Found a gate leading to a gauntlet.
 16267 | Gauntlet | Entered a Gauntlet
 16267 | Gauntlet | Found a transporter.
 16267 | Gauntlet | Found a transporter.
 16271 | Gauntlet | Found a transporter.
 16271 | Gauntlet | Found a transporter.
 16280 | Gauntlet | Found a transporter.
 16298 | Gauntlet | Noticed a blizzard demon
 16299 | Gauntlet | Found a transporter.
 16307 | Gauntlet | Found a transporter.
 16307 | Gauntlet | Noticed a sixfirhy
 16308 | Gauntlet | Noticed a sixfirhy
 16309 | Gauntlet | Found a transporter.
 16309 | Gauntlet | Found a transporter.
 16315 | Gauntlet | Noticed a sixfirhy
 16345 | Gauntlet | Found a transporter.
 16348 | Gauntlet | Noticed a fire crab
 16362 | Gauntlet | Noticed a queen ant
 16363 | Gauntlet | Found a transporter.
 16409 | Gauntlet | Found a transporter.
 16423 | Gauntlet | Noticed a dire elephant
 16425 | Gauntlet | Found a transporter.
 16437 | Gauntlet | Found a transporter.
 16525 | Gauntlet | Found a transporter.
 16539 | Gauntlet | Noticed a thrashing horror
 16543 | Gauntlet | Found a transporter.
 16654 | Gauntlet | Slain by a manticore

Levels and vault maps discovered:
D:1:      evilmike_arrival_hilbert_curve, layout_basic,
          minmay_misc_feat_enclosed
D:2:      layout_basic, nicolae_ru_path_of_blood,
          chequers_ecumenical_altar_lobes, uniq_robin, uniq_jessica,
          uniq_crazy_yiuf_cottage
D:3:      layout_rooms, trog_wizard, uniq_ijyb, uniq_natasha
D:4:      layout_basic, lemuel_crystal_altar, minitemple, first_ration,
          minmay_manual_macuahuitl
D:5:      layout_basic, minmay_temple_entry_poolview
D:6:      layout_loops_corners
D:7:      layout_basic, kennysheep_mini, kennysheep_little_box, uniq_harold
D:8:      layout_loops_ring, serial_shops, nicolae_shop_crystal, uniq_erica
D:9:      layout_loops_corners, zin_treasury, grunt_gozag_statues,
          enter_bailey_1, grunt_livestock, uniq_prince_ribbit1
D:10:     layout_layer_cave, david_orc_2, serial_shops, shop, uniq_grum
D:11:     layout_layer_cave, lair_entry_dummy, serial_shops,
          nicolae_shop_waterfront, shop, shop_fountains, minmay_misc_feat_plants
Temple:   compressed_dpeg_triangle_lava_temple
Lair:1:   layout_concentric_octagons, gauntlet_entry_generic, minmay_hedge_maze
Gauntlet: gammafunk_gauntlet_branching [gammafunk_gauntlet_arena_split_diamond,
          nicolae_gauntlet_arena_flowing_pool, nicolae_gauntlet_arena_blocks,
          nicolae_gauntlet_arena_t_cross, gammafunk_gauntlet_arena_split_x,
          nicolae_gauntlet_swirl, nicolae_gauntlet_arena_x,
          gammafunk_gauntlet_arena_hedges, gauntlet_exit_spiral]

Skill      XL: |  1  2  3  4  5  6  7  8  9 10 11 |
---------------+----------------------------------+-----
Fighting       | 1 2 3 4 5 6 7 8 |  8.3
Ice Magic      | 4 5 6 |  6.5
Spellcasting   | 3 4 5 6 7 |  7.9
Summonings     | 1 2 3 4 5 7 |  7.2
Polearms       | 1 3 4 5 6 |  6.5
Conjurations   | 1 3 5 6 7 |  7.3
Shields        | 4 |  4.2
Dodging        | |  1.7
Stealth        | |  1.7

Action                   |  1- 3 |  4- 6 |  7- 9 | 10-12 || total
-------------------------+-------+-------+-------+-------++-------
Melee: Unarmed           |     5 |     8 |       |       ||    13
       Club              |     3 |       |       |       ||     3
       Dagger            |    22 |    55 |       |       ||    77
       Spear             |       |    38 |   136 |       ||   174
       Trident           |       |       |   126 |   245 ||   371
 Fire: Hunting sling     |    30 |   106 |    25 |    15 ||   176
Throw: Dart              |       |     5 |     1 |     1 ||     7
 Cast: Freeze            |    28 |    47 |     1 |     1 ||    77
       Summon Ice Beast  |       |     2 |    22 |    49 ||    73
       Hailstorm         |       |       |     6 |    30 ||    36
       Ozocubu's Armour  |       |       |     9 |     5 ||    14
       Iskenderun's Myst |       |       |       |     1 ||     1
  Use: Scroll            |       |       |     7 |    12 ||    19
       Potion            |       |       |       |     1 ||     1
 Stab: Sleeping          |     1 |     3 |    17 |     5 ||    26
       Distracted        |     1 |       |       |     2 ||     3
  Eat: Chunk             |     1 |     8 |    20 |    22 ||    51
       Ration            |       |     1 |     1 |     1 ||     3
Armor: Robe              |    37 |    29 |    42 |    45 ||   153
       Skin              |       |     1 |       |       ||     1
Dodge: Dodged            |    59 |    91 |   113 |   112 ||   375
Block: Other             |       |       |    32 |    40 ||    72
       Reflection        |       |       |       |     6 ||     6
       Buckler           |       |       |       |    18 ||    18

Table legend:
 A = Non-vault XP
 B = Vault XP
 C = Vault XP percentage of total XP
 D = Non-vault monster count
 E = Vault monster count
 F = Vault count percentage of total count
                 A         B        C        D         E       F
            +---------+---------+-------+---------+---------+-------
      Total |   11347 |    5437 |  32.4 |     283 |      77 |  21.4
            +---------+---------+-------+---------+---------+-------
        D:1 |      62 |       0 |   0.0 |      34 |       0 |   0.0
        D:2 |     183 |     113 |  38.2 |      25 |      13 |  34.2
        D:3 |     262 |      68 |  20.6 |      37 |       2 |   5.1
        D:4 |     316 |     113 |  26.3 |      23 |       4 |  14.8
        D:5 |     244 |       0 |   0.0 |      16 |       0 |   0.0
        D:6 |     613 |       0 |   0.0 |      14 |       0 |   0.0
        D:7 |     368 |     849 |  69.8 |       9 |       1 |  10.0
        D:8 |     594 |     644 |  52.0 |      10 |       1 |   9.1
        D:9 |    1273 |    1258 |  49.7 |      25 |       7 |  21.9
       D:10 |    2576 |     381 |  12.9 |      26 |       8 |  23.5
       D:11 |    4856 |       0 |   0.0 |      64 |       0 |   0.0
     Bailey |       0 |    1779 | 100.0 |       0 |      39 | 100.0
   Gauntlet |       0 |     232 | 100.0 |       0 |       2 | 100.0
            +---------+---------+-------+---------+---------+-------
